 Dungeon Crawl Stone Soup version 0.19.5 (webtiles) character file.

36078 JeffiDaFish the Thaumaturge (level 13, -1/107 HPs)
             Began as a Pale Draconian Fire Elementalist on Apr 27, 2017.
             Was a High Priest of Sif Muna.
             Slain by a nine-headed hydra (8 damage)
             ... on level 5 of the Lair of Beasts on May 1, 2017.
             The game lasted 01:44:38 (26879 turns).

JeffiDaFish the Thaumaturge (DrFE)                 Turns: 26879, Time: 01:44:38

Health: -1/107     AC: 12    Str: 10    XL:     13   Next: 51%
Magic:  9/26       EV: 17    Int: 23    God:    Sif Muna [*****.]
Gold:   217        SH:  0    Dex: 16    Spells: 8 memorised, 3 levels left

rFire  + . .     SeeInvis .     g - +1 lajatang "Hydrabane" {slice, *Contam rElec rN+ Int+4 Dex+2}
rCold  . . .     Gourm    .     (armour unavailable)
rNeg   + . .     Faith    .     (shield currently unavailable)
rPois  .         Spirit   .     (helmet restricted)
rElec  +         Reflect  .     q - +0 cloak
rCorr  .         Harm     .     B - +2 pair of gloves
MR     +....                    (no boots)
Stlth  ++++......               (no amulet)
                                A - +4 ring of slaying
                                f - ring of protection from fire

@: no status effects
A: breathe steam, unfitting armour, blurry vision 1, magic resistance 1,
cold-blooded, AC +8
a: Breathe Steam, Divine Energy, Channel Magic, Forget Spell, Renounce Religion


You were on level 5 of the Lair of Beasts.
You worshipped Sif Muna.
Sif Muna was extremely pleased with you.
You were very hungry.

You visited 3 branches of the dungeon, and saw 18 of its levels.
You also visited: Ice Cave.

You collected 987 gold pieces.
You spent 770 gold pieces at shops.

Inventory:

Hand Weapons
 g - the +1 lajatang "Hydrabane" (weapon) {slice, *Contam rElec rN+ Int+4 Dex+2}
   (You acquired it on level 1 of the Lair of Beasts)

   It inflicts extra damage upon your enemies.
   It affects your intelligence (+4).
   It affects your dexterity (+2).
   It insulates you from electricity.
   It protects you from negative energy.
   It causes magical contamination when unequipped.
 l - a +4 quarterstaff of speed
Armour
 q - a +0 cloak (worn)
 B - a +2 pair of gloves (worn)
Jewellery
 e - an uncursed ring of resist corrosion
 f - a ring of protection from fire (left hand)
 A - a +4 ring of slaying (right hand)
Wands
 m - a wand of iceblast (1/15)
 o - a wand of teleportation (2/9)
Scrolls
 h - 2 scrolls of identify
 j - 4 scrolls of teleportation
 k - 2 scrolls of fog
 n - 8 scrolls of remove curse
 p - 5 scrolls of magic mapping
 t - 2 scrolls of blinking
 z - 2 scrolls of recharging
Potions
 c - 7 potions of curing
 v - 4 potions of ambrosia
 C - 2 potions of agility
 D - a potion of berserk rage
 G - a potion of cure mutation
Books
 a - a book of Clouds

   Spells                             Type                      Level
   a - Mephitic Cloud                 Conjuration/Poison/Air       3
   b - Conjure Flame                  Conjuration/Fire             3
   c - Poisonous Cloud                Conjuration/Poison/Air       6
   d - Freezing Cloud                 Conjuration/Ice/Air          6
   e - Ring of Flames                 Charms/Fire                  7
 w - a book of the Sky

   Spells                             Type                      Level
   a - Summon Lightning Spire         Summoning/Air                4
   b - Airstrike                      Air                          4
   c - Silence                        Hexes/Air                    5
   d - Deflect Missiles               Charms/Air                   6
   e - Conjure Ball Lightning         Conjuration/Air              6
   f - Tornado                        Air                          9
 x - Sif Muna's Papyrus of Dark Rites
   (Sif Muna gifted it to you on level 4 of the Lair of Beasts)

   Spells                             Type                      Level
   a - Animate Skeleton               Necromancy                   1
   b - Pain                           Necromancy                   1
   c - Excruciating Wounds            Charms/Necromancy            5
   d - Dispel Undead                  Necromancy                   5
   e - Death Channel                  Necromancy                   6
   f - Necromutation                  Transmutation/Necromancy     8
 y - Tynevaf's Papyrus of Feathers
   (You found it on level 3 of the Lair of Beasts)

   Spells                             Type                      Level
   a - Swiftness                      Charms/Air                   2
   b - Static Discharge               Conjuration/Air              3
   c - Airstrike                      Air                          4
   d - Summon Lightning Spire         Summoning/Air                4
   e - Lightning Bolt                 Conjuration/Air              5
Comestibles
 b - 12 bread rations
 d - 10 meat rations
 i - 2 fruits
 r - 5 beef jerkies
 u - 12 slices of pizza


   Skills:
 + Level 8.1 Fighting
   Level 0.4 Short Blades
   Level 0.8(5.4) Polearms
 + Level 8.7 Staves
 + Level 7.0 Dodging
 + Level 7.9 Stealth
 - Level 0.4 Unarmed Combat
 * Level 9.7 Spellcasting
 + Level 7.6 Conjurations
   Level 4.7 Charms
   Level 5.7 Necromancy
 + Level 3.3 Transmutations
 + Level 8.7 Fire Magic
 + Level 3.8 Air Magic
 + Level 3.1 Poison Magic


You had 3 spell levels left.
You knew the following spells:

 Your Spells              Type           Power        Failure   Level  Hunger
a - Flame Tongue          Conj/Fire      #####        1%          1    None
b - Throw Flame           Conj/Fire      #####.       1%          2    None
c - Sticky Flame          Conj/Fire      #####...     1%          4    ##.....
d - Fireball              Conj/Fire      #####.....   8%          5    ####...
e - Olgreb's Toxic Radia  Pois           ####....     17%         4    ##.....
f - Ignite Poison         Fire/Tmut/Pois ####....     2%          3    None
g - Poisonous Cloud       Conj/Pois/Air  ####......   96%         6    ######.
h - Mephitic Cloud        Conj/Pois/Air  ####....     2%          3    None


Dungeon Overview and Level Annotations

Branches:
Dungeon (11/15)            Temple (1/1) D:6            Lair (6/6) D:11
 Shoals (0/4) Lair:4       Spider (0/4) Lair:4        Slime (0/5) Lair:5
    Orc (0/2) D:9

Altars:
Ashenzari
Cheibriados
Dithmenos
Elyvilon
Fedhas
Gozag
Hepliaklqana
Nemelex Xobeh
Okawaru
Qazlal
Ru
Sif Muna
Trog
Uskayaw
Vehumet
Xom
Yredelemnul
The Shining One
Jiyva

Shops:
D:4 :   D:7 [   D:8 (


Innate Abilities, Weirdness & Mutations

You can breathe blasts of scalding, opaque steam.
Your pale cyan-grey scales are hard. (AC +8)
You cannot fit into any form of body armour.
You are cold-blooded and may be slowed by cold attacks.
Scrolls take you a little longer to read.
You are resistant to hostile enchantments. (MR+)


Message History

The eight-headed hydra burns!
You hack one of the eight-headed hydra's heads off!
The seven-headed hydra grows two more!
You slash the nine-headed hydra!
The nine-headed hydra is severely wounded.
The nine-headed hydra burns!
The nine-headed hydra misses you. The nine-headed hydra bites you.
* * * LOW HITPOINT WARNING * * *
The nine-headed hydra bites you!
* * * LOW HITPOINT WARNING * * *
The nine-headed hydra misses you. The nine-headed hydra bites you!
* * * LOW HITPOINT WARNING * * *
The nine-headed hydra closely misses you.
The nine-headed hydra misses you. x2
The nine-headed hydra barely misses you.
The nine-headed hydra burns!
There is a stone staircase leading down, spattered with blood here.
The nine-headed hydra burns!
The nine-headed hydra closely misses you. x2
The nine-headed hydra bites you!
You die...

#....................
##...................
##.....#....#.........
#....#...#.#..........
###.##......#........#
#..##...=.........#..
#..#.................
##.##......##........
#...@D.....##........
##.........##(.......
##..#..#.#..#........
#..#.....#.......####
#..................#.
#..............<.....
#........(...........
##...........รท.......
##.............#.###.


You could see a nine-headed hydra (burning).

Vanquished Creatures
  4 hydras
  Erolcha (D:10)
  Harold (Lair:2)
  A death yak (Lair:6)
  Nergalle (D:11)
  An unseen horror (D:10)
  A hill giant (D:11)
  An orb spider (Lair:4)
  2 manticores (D:11)
  5 elephants
  A siren (Lair:4)
  A torpor snail (Lair:5)
  Joseph (D:8)
  6 spiny frogs
  6 komodo dragons
  6 polar bears
  17 blink frogs
  Grinder (D:5)
  2 two-headed ogres (D:8)
  10 hippogriffs
  3 wraiths
  A wyvern (D:9)
  2 basilisks
  A steam dragon (D:8)
  32 yaks
  Menkaure (D:6)
  A hungry ghost (D:8)
  9 porcupines
  6 water moccasins
  9 orc warriors
  3 black bears
  5 ice beasts
  A sky beast (D:7)
  A boggart (Lair:6)
  4 ogres (D:8)
  2 necrophages
  A phantom (D:5)
  A hornet zombie (D:11)
  13 wolves
  9 crocodiles
  4 big kobolds
  12 bullfrogs
  A gnoll sergeant (D:10)
  3 scorpions
  9 killer bees
  10 wights (D:8)
  4 howler monkeys
  4 electric eels
  2 crimson imps
  A centaur zombie (D:8)
  2 quasits
  6 hounds
  5 bullfrog skeletons
  An orc priest (D:6)
  3 centaur skeletons
  6 iguanas
  10 worker ants
  8 orc wizards
  A centaur simulacrum (D:11)
  A hound skeleton (D:9)
  A worker ant zombie (D:10)
  9 gnolls
  4 river rats (D:11)
  14 adders
  4 shadow imps
  A white imp (D:11)
  A worker ant simulacrum (D:11)
  An ufetubus (D:11)
  4 oozes
  An adder skeleton (D:8)
  5 worms (D:2)
  4 leopard geckos
  49 orcs
  A ball python (D:2)
  4 giant cockroaches
  8 goblins
  8 hobgoblins
  13 jackals
  9 quokkas
  18 bats
  4 frilled lizards
  22 kobolds
  19 rats
  A fungus (Lair:1)
472 creatures vanquished.

Vanquished Creatures (others)
  A bush (Lair:1)
  14 fungi
  7 plants
22 creatures vanquished.

Grand Total: 494 creatures vanquished

Notes
Turn   | Place    | Note
-------+----------+-------------------------------------------
     0 | D:1      | JeffiDaFish the Draconian Fire Elementalist began the quest for the Orb.
     0 | D:1      | Reached XP level 1. HP: 14/14 MP: 3/3
   278 | D:1      | Reached XP level 2. HP: 10/20 MP: 0/5
   940 | D:1      | Learned a level 2 spell: Throw Flame
  1224 | D:2      | Reached XP level 3. HP: 16/26 MP: 0/6
  1601 | D:2      | Gained mutation: You passively map a small area around you. [potion of beneficial mutation]
  1980 | D:2      | Reached XP level 4. HP: 18/33 MP: 0/7
  2366 | D:2      | You fall through a shaft!
  2367 | D:3      | Found a hide-covered altar of Uskayaw.
  3493 | D:4      | Found Yvyo's Book Shoppe.
  3497 | D:4      | Reached XP level 5. HP: 39/39 MP: 8/8
  3538 | D:4      | Learned a level 4 spell: Sticky Flame
  4010 | D:5      | Entered Level 5 of the Dungeon
  4053 | D:5      | Found a shattered altar of Ashenzari.
  4142 | D:5      | Noticed a phantom
  4153 | D:5      | Killed a phantom
  4153 | D:5      | Reached skill level 1 in Fighting
  4153 | D:5      | Reached skill level 1 in Staves
  4205 | D:5      | Reached XP level 6. HP: 42/47 MP: 10/10
  4272 | D:5      | Noticed Grinder
  4461 | D:5      | Reached skill level 3 in Spellcasting
  4483 | D:5      | Identified the Almanac of Venom and Ice
  4510 | D:5      | Lost mutation: You passively map a small area around you. [potion of cure mutation]
  4518 | D:5      | Paralysed by Grinder for 2 turns
  4527 | D:5      | Killed Grinder
  4527 | D:5      | Your scales start taking on a pale cyan-grey colour.
  4527 | D:5      | Reached XP level 7. HP: 30/53 MP: 2/11
  5540 | D:6      | Noticed Menkaure
  5724 | D:6      | Killed Menkaure
  5849 | D:6      | Reached skill level 5 in Stealth
  6068 | D:6      | Found a staircase to the Ecumenical Temple.
  6076 | Temple   | Entered the Ecumenical Temple
  6084 | Temple   | Became a worshipper of Sif Muna the Loreminder
  6121 | D:6      | Reached XP level 8. HP: 62/62 MP: 10/13
  6339 | D:5      | HP: 1/63 [orc warrior/dire flail (8)]
  6718 | D:6      | Gained mutation: You are robust. (+10% HP) [potion of mutation]
  6718 | D:6      | Lost mutation: You are robust. (+10% HP) [potion of mutation]
  6718 | D:6      | Gained mutation: You are resistant to hostile enchantments. (MR+) [potion of mutation]
  6725 | D:6      | Learned a level 5 spell: Fireball
  6907 | D:6      | Found a bloodstained altar of Trog.
  6972 | D:6      | Reached skill level 5 in Fire Magic
  6984 | D:6      | Reached skill level 4 in Spellcasting
  7437 | D:7      | Found Qerieb's Antique Armour Boutique.
  7930 | D:7      | Reached skill level 5 in Staves
  8561 | D:7      | Reached XP level 9. HP: 70/71 MP: 11/16
  8967 | D:8      | Learned a level 3 spell: Regeneration
  9193 | D:8      | Reached * piety under Sif Muna
  9193 | D:8      | Reached skill level 1 in Charms
  9199 | D:8      | Reached skill level 5 in Spellcasting
  9450 | D:8      | Reached skill level 1 in Necromancy
  9686 | D:8      | Noticed a komodo dragon
  9700 | D:8      | Killed a komodo dragon
  9936 | D:8      | Found Abyuneabue's Weapon Boutique.
  9945 | D:8      | Noticed Joseph
 10035 | D:8      | Found a shadowy altar of Dithmenos.
 10043 | D:8      | Killed Joseph
 10219 | D:8      | Reached XP level 10. HP: 51/80 MP: 9/18
 10469 | D:8      | Reached skill level 5 in Fighting
 10812 | D:9      | Reached skill level 6 in Spellcasting
 10852 | D:9      | Found a basalt altar of Yredelemnul.
 11018 | D:9      | Reached ** piety under Sif Muna
 11039 | D:8      | Reached skill level 5 in Conjurations
 11367 | D:8      | Learned a level 3 spell: Ignite Poison
 11538 | D:9      | Found a staircase to the Orcish Mines.
 11656 | D:9      | Found a basalt altar of Yredelemnul.
 12063 | D:10     | Entered Level 10 of the Dungeon
 12545 | D:10     | Noticed Erolcha
 12778 | D:10     | Killed Erolcha
 12778 | D:10     | Reached skill level 5 in Dodging
 13232 | D:10     | Reached XP level 11. HP: 79/89 MP: 21/21
 13900 | D:10     | Noticed an unseen horror
 13903 | D:10     | Killed an unseen horror
 13903 | D:10     | Reached skill level 7 in Spellcasting
 14048 | D:11     | Identified the Catalogue of Transmutation and Snow
 14086 | D:11     | Reached *** piety under Sif Muna
 14236 | D:11     | Found a frozen archway.
 14245 | IceCv    | Entered an ice cave
 15046 | D:11     | Noticed Nergalle
 15053 | D:11     | Noticed a hill giant
 15068 | D:11     | Killed Nergalle
 15891 | D:11     | Killed a hill giant
 16350 | D:11     | Found a staircase to the Lair.
 16504 | D:11     | Reached **** piety under Sif Muna
 16512 | Lair:1   | Entered Level 1 of the Lair of Beasts
 16613 | Lair:1   | Identified a scroll of acquirement
 16614 | Lair:1   | Got a scorched lajatang
 16615 | Lair:1   | Identified the +1 lajatang "Hydrabane" {slice, *Contam rElec rN+ Int+4 Dex+2} (You acquired it on level 1 of the Lair of Beasts)
 17378 | Lair:1   | Reached skill level 8 in Spellcasting
 17390 | Lair:1   | Reached XP level 12. HP: 28/100 MP: 4/24
 17930 | Lair:2   | Noticed a four-headed hydra
 18248 | Lair:1   | Gained mutation: Scrolls take you a little longer to read. [mutagenic glow]
 18633 | Lair:2   | Noticed Harold
 18654 | Lair:2   | Killed Harold
 18654 | Lair:2   | Reached skill level 5 in Necromancy
 19213 | D:4      | Bought Sif Muna's Disquisition on Scorching Poison for 770 gold pieces
 19220 | D:4      | Learned a level 6 spell: Poisonous Cloud
 19633 | Lair:2   | Killed a four-headed hydra
 20038 | Lair:2   | Reached skill level 1 in Transmutations
 20049 | Lair:2   | Reached skill level 1 in Air Magic
 20224 | Lair:1   | Reached skill level 1 in Poison Magic
 20746 | Lair:2   | Learned a level 3 spell: Mephitic Cloud
 21481 | Lair:3   | Noticed an eight-headed hydra
 21489 | Lair:3   | Killed an eight-headed hydra
 21620 | Lair:3   | Reached ***** piety under Sif Muna
 21658 | Lair:3   | Identified Tynevaf's Papyrus of Feathers
 22586 | Lair:4   | Learned a level 4 spell: Olgreb's Toxic Radiance
 22831 | Lair:4   | Found a hole to the Spider Nest.
 22840 | Lair:4   | Identified Sif Muna's Papyrus of Dark Rites (Sif Muna gifted it to you on level 4 of the Lair of Beasts)
 22840 | Lair:4   | Received a gift from Sif Muna
 23164 | Lair:4   | Reached skill level 9 in Spellcasting
 23167 | Lair:4   | Reached XP level 13. HP: 79/106 MP: 7/26
 23451 | Lair:4   | Found a staircase to the Shoals.
 24896 | Lair:5   | Found a viscous altar of Jiyva.
 24896 | Lair:5   | Found a staircase to the Slime Pits.
 25541 | Lair:6   | Entered Level 6 of the Lair of Beasts
 26490 | Lair:5   | HP: 5/107 [poisoned by a spiny frog]
 26496 | Lair:5   | HP: 4/107 [poisoned by a spiny frog]
 26502 | Lair:5   | HP: 4/107 [poisoned by a spiny frog]
 26510 | Lair:5   | HP: 4/107 [poisoned by a spiny frog]
 26879 | Lair:5   | Slain by a nine-headed hydra

Skill      XL: |  1  2  3  4  5  6  7  8  9 10 11 12 13 |
---------------+----------------------------------------+-----
Dodging        | 2 3 4 5 6 7 |  7.0
Stealth        | 2 3 5 6 7 |  7.9
Conjurations   | 2 3 4 5 6 7 |  7.6
Fighting       | 1 2 3 4 5 7 8 |  8.1
Staves         | 1 2 3 5 6 7 8 |  8.7
Fire Magic     | 4 5 6 7 8 |  8.7
Spellcasting   | 3 4 5 6 8 9 |  9.7
Charms         | 2 3 4 |  4.7
Necromancy     | 2 3 4 5 |  5.7
Transmutations | 2 3 |  3.3
Air Magic      | 2 3 |  3.8
Poison Magic   | 2 3 |  3.1
Short Blades   | |  0.4
Polearms       | |  0.8
Unarmed Combat | |  0.4

Action                   |  1- 3 |  4- 6 |  7- 9 | 10-12 | 13-15 || total
-------------------------+-------+-------+-------+-------+-------++-------
Melee: Unarmed           |    12 |       |       |       |       ||    12
       Short sword       |    14 |       |       |       |       ||    14
       Dagger            |     3 |       |       |       |       ||     3
       Spear             |    15 |    61 |       |       |       ||    76
       Tailslap          |     3 |     5 |    25 |    71 |    21 ||   125
       Quarterstaff      |       |    45 |   296 |   513 |       ||   854
       Lajatang          |       |       |       |    58 |   124 ||   182
 Cast: Flame Tongue      |    52 |    38 |    45 |   127 |    11 ||   273
       Throw Flame       |     5 |     5 |    20 |    32 |     3 ||    65
       Sticky Flame      |       |     1 |    27 |    97 |    33 ||   158
       Fireball          |       |       |       |    30 |    13 ||    43
       Mephitic Cloud    |       |       |       |    12 |     4 ||    16
       Ignite Poison     |       |       |       |     5 |     2 ||     7
       Regeneration      |       |       |       |     2 |       ||     2
       Olgreb's Toxic Ra |       |       |       |     1 |       ||     1
 Abil: Breathe Steam     |       |       |       |     1 |       ||     1
Evoke: Wand              |       |       |     2 |     1 |       ||     3
  Use: Scroll            |     9 |     4 |     4 |     7 |     5 ||    29
       Potion            |     4 |     4 |     8 |     3 |     1 ||    20
 Stab: Sleeping          |     2 |     5 |     9 |     6 |       ||    22
       Distracted        |       |       |     1 |     1 |       ||     2
       Confused          |       |       |       |     4 |       ||     4
  Eat: Chunk             |     4 |     9 |    23 |    50 |    12 ||    98
       Royal jelly       |       |       |     1 |       |       ||     1
       Beef jerky        |       |       |     1 |       |     1 ||     2
       Meat ration       |       |       |       |     2 |       ||     2
       Fruit             |       |       |       |     2 |     1 ||     3
Armor: Skin              |    14 |    24 |    53 |   195 |    76 ||   362
Dodge: Dodged            |    20 |    65 |   148 |   462 |   181 ||   876
